 Dungeon Crawl Stone Soup version 0.23.2-1-ga50397a (webtiles) character file.

Game seed: 4129668065181194554

12274 dengdeng the Protected (level 11, -1/144 (145) HPs)
             Began as a Minotaur Berserker on Apr 26, 2019.
             Was a High Priest of Trog.
             Slain by a hog (3 damage)
             ... led by Kirke
             ... on level 13 of the Dungeon on Apr 29, 2019.
             The game lasted 00:47:21 (11051 turns).

dengdeng the Protected (Minotaur Berserker)        Turns: 11051, Time: 00:47:21

HP:   -1/144 (145)  AC:  0    Str: 30    XL:     11   Next: 60%
MP:   10/10         EV: 15    Int:  4    God:    Trog [*****.]
Gold: 760           SH:  0    Dex: 10    Spells: 10/10 levels left

rFire    . . .     SeeInvis .   (weapon currently unavailable)
rCold    . . .     Gourm    .   (shield currently unavailable)
rNeg     . . .     Faith    .   (armour currently unavailable)
rPois    .         Spirit   .   (helmet currently unavailable)
rElec    .         Reflect  .   (cloak currently unavailable)
rCorr    .         Harm     .   (gloves currently unavailable)
MR       .....                  (boots currently unavailable)
Stlth    ..........             L - amulet of the acrobat
HPRegen  0.34/turn              (ring currently unavailable)
MPRegen  0.12/turn              (ring currently unavailable)

@: berserking, pig-form, slowed, very quick
A: small, (retaliatory headbutt)
a: Berserk, Trog's Hand, Brothers in Arms, Renounce Religion


You were on level 13 of the Dungeon.
You worshipped Trog.
Trog was extremely pleased with you.
You were not hungry.
You were a filthy swine.
You visited 1 branch of the dungeon, and saw 13 of its levels.
You also visited: Bailey.

You collected 760 gold pieces.

Inventory:

Hand Weapons
 H - a +3 flail
 N - the +7 Singing Sword (melded) {slice, sonic wave}
   (You found it on level 10 of the Dungeon)

   It inflicts extra damage upon your enemies.
 W - a +5 scimitar
Missiles
 m - 185 stones
 s - 3 steel javelins
 S - 7 javelins of returning (quivered)
 V - 3 javelins
 X - 6 javelins of penetration
Armour
 r - a +0 plate armour (melded)
 J - a +0 pair of boots (melded)
Jewellery
 p - a +2 ring of strength (melded)
 L - an amulet of the acrobat (around neck)
Wands
 a - a wand of random effects (13)
 A - a wand of acid (2)
 I - a wand of flame (17)
Scrolls
 e - 5 scrolls of teleportation {unknown}
 g - a scroll of random uselessness {unknown}
 i - 9 scrolls of remove curse
 j - 2 scrolls of enchant weapon {unknown}
 k - 8 scrolls of identify
 l - 2 scrolls of fog {unknown}
 n - 3 scrolls of brand weapon {unknown}
 t - 3 scrolls of blinking {unknown}
 x - 2 scrolls of amnesia {unknown}
 y - 3 scrolls of magic mapping {unknown}
 E - 3 scrolls of noise {unknown}
 K - 2 scrolls of fear {unknown}
 R - 2 scrolls of vulnerability {unknown}
Potions
 b - a potion of brilliance {unknown}
 d - 3 potions of might {unknown}
 f - 9 potions of curing {unknown}
 h - a potion of haste {unknown}
 o - a potion of resistance {unknown}
 q - 3 potions of magic {unknown}
 v - 4 potions of ambrosia {unknown}
 w - 3 potions of degeneration {unknown}
 z - a potion of cancellation {unknown}
 C - a potion of mutation {unknown}
 D - 4 potions of heal wounds {unknown}
 F - a potion of agility {unknown}
 M - 3 potions of flight {unknown}
Miscellaneous
 U - a crystal ball of energy
Comestibles
 c - 28 rations


   Skills:
 + Level 9.2 Fighting
 * Level 8.9 Long Blades
   Level 5.6(9.3) Axes
 + Level 11.3(11.9) Maces & Flails
 + Level 2.3 Throwing
 + Level 13.0 Armour
 + Level 3.5 Dodging
 + Level 0.1 Stealth


You had 10 spell levels left.
You didn't know any spells.
Your spell library was empty.

Dungeon Overview and Level Annotations

Branches:
Dungeon (13/15)            Temple (0/1) D:5            Lair (0/6) D:9
    Orc (0/2) D:12
 Vaults: D:13-14

Altars:
Elyvilon
Okawaru
Vehumet

Shops:
D:5 [   D:7 *   D:10 *

Portals:
Trove: D:11 (give 5 potions of resistance)

Annotations:
D:13 Kirke


Innate Abilities, Weirdness & Mutations

((You reflexively headbutt those who attack you in melee.))
((You have a pair of horns on your head.))


Message History

Kirke is almost dead.
The hog bites you!
* * * LOW HITPOINT WARNING * * *
The hog bites you!
* * * LOW HITPOINT WARNING * * *
Kirke gestures at you while chanting.
You barely resist. The hog bites you.
* * * LOW HITPOINT WARNING * * *
The hog misses you.
You bite Kirke!
Kirke is almost dead.
The hog closely misses you. The hog bites you.
* * * LOW HITPOINT WARNING * * *
Kirke hits you.
* * * LOW HITPOINT WARNING * * *
The hog barely misses you.
You barely miss Kirke.
Kirke is almost dead.
The hog bites you.
You die...

######## o
#......# @h.
#####......#
h....##h.........#
o.......###@hh...#
.....#### #.hh...#
.... #......# ..
#......# ###.####
#....# ####.#
######.####
###.........#
#######
............#
#......


You could see Kirke and 3 hogs.

Vanquished Creatures
  A rakshasa (D:11)
  A two-headed ogre (D:8)
  Urug (D:11)
  2 unseen horrors (D:10)
  Pikel (D:9)
  An orc sorcerer (D:12)
  An ugly thing (D:11)
  Joseph (D:8)
  A centaur skeleton (D:12)
  Grinder (D:5)
  Prince Ribbit (D:6)
  A hippogriff (D:9)
  A vampire (D:13)
  A human (D:7)
  5 hogs
  6 yaks
  2 hungry ghosts
  Eustachio (D:6)
  A steam dragon (D:12)
  A two-headed ogre zombie (D:12)
  2 water moccasins
  A black bear (D:12)
  2 orc warriors
  3 ice beasts
  A sky beast (D:9)
  A hornet zombie (D:8)
  2 phantoms
  5 necrophages
  7 ogres
  4 centaurs
  2 big kobolds
  4 bullfrogs
  3 scorpions
  2 troll zombies (D:12)
  5 wights (D:9)
  2 howler monkeys
  3 crimson imps
  2 centaur zombies
  An orc priest (D:8)
  A bullfrog skeleton (D:5)
  8 orc wizards
  4 iguanas
  10 worker ants
  4 ogre zombies (D:12)
  A hound zombie (D:11)
  A worker ant zombie (D:9)
  10 adders
  4 gnolls (D:11)
  2 shadow imps (D:6)
  A white imp (D:9)
  2 worms
  A dart slug (D:2)
  12 leopard geckos
  27 orcs
  2 giant cockroaches (D:3)
  11 goblins
  5 hobgoblins
  8 jackals
  A quokka (D:8)
  A ball python (D:5)
  10 bats
  9 frilled lizards
  3 goblin skeletons (D:12)
  4 goblin zombies (D:12)
  2 hobgoblin skeletons (D:12)
  3 hobgoblin zombies (D:12)
  10 kobolds
  A leopard gecko skeleton (D:7)
  An orc skeleton (D:12)
  11 orc zombies (D:12)
  8 rats
261 creatures vanquished.

Notes
Turn   | Place    | Note
-------+----------+-------------------------------------------
     0 | D:1      | dengdeng the Minotaur Berserker began the quest for the
                  | Orb.
     0 | D:1      | Reached XP level 1. HP: 19/19 MP: 0/0
   186 | D:1      | Reached XP level 2. HP: 20/27 MP: 1/1
   269 | D:1      | Reached ** piety under Trog
   612 | D:2      | Reached skill level 3 in Armour
   612 | D:2      | Reached XP level 3. HP: 33/33 MP: 2/2
  1507 | D:3      | Reached XP level 4. HP: 40/40 MP: 3/3
  1644 | D:3      | Reached skill level 4 in Armour
  1918 | D:4      | Reached skill level 1 in Maces & Flails
  1918 | D:4      | Reached XP level 5. HP: 46/47 MP: 4/4
  2030 | D:5      | Entered Level 5 of the Dungeon
  2031 | D:5      | Found Korystom's Armour Boutique.
  2036 | D:5      | Noticed an ice beast
  2044 | D:5      | Killed an ice beast
  2044 | D:5      | Reached skill level 5 in Axes
  2044 | D:5      | Reached skill level 5 in Armour
  2066 | D:5      | Found a staircase to the Ecumenical Temple.
  2093 | D:5      | Noticed Grinder
  2096 | D:5      | Paralysed by Grinder for 2 turns
  2110 | D:5      | Killed Grinder
  2110 | D:5      | Reached skill level 6 in Armour
  2110 | D:5      | Reached XP level 6. HP: 28/55 MP: 5/5
  2375 | D:5      | Reached XP level 7. HP: 55/60 MP: 6/6
  2409 | D:5      | Found a radiant altar of Vehumet.
  2682 | D:5      | Reached *** piety under Trog
  2954 | D:6      | Noticed Eustachio
  2963 | D:6      | Killed Eustachio
  2963 | D:6      | Reached skill level 5 in Fighting
  2963 | D:6      | Reached skill level 7 in Armour
  3017 | D:6      | Noticed Prince Ribbit
  3037 | D:6      | Killed Prince Ribbit
  3037 | D:6      | Reached skill level 8 in Armour
  3037 | D:6      | Reached XP level 8. HP: 55/68 MP: 7/7
  3106 | D:6      | Reached skill level 1 in Throwing
  3224 | D:6      | Found an iron altar of Okawaru.
  3268 | D:6      | Found a white marble altar of Elyvilon.
  3526 | D:6      | Reached skill level 5 in Maces & Flails
  3526 | D:6      | Reached skill level 9 in Armour
  3680 | D:6      | Got a crystal dagger
  3681 | D:6      | Identified the cursed +0 dagger of Compassion {pierce,
                  | Dex+4} (You found it on level 6 of the Dungeon)
  3746 | D:7      | Found a flagged portal.
  3771 | Bailey   | Entered a bailey
  3771 | Bailey   | Noticed an orc knight
  4137 | D:7      | Found Faprarudd's General Store.
  4421 | D:7      | Reached skill level 10 in Armour
  4424 | D:7      | Reached XP level 9. HP: 59/74 MP: 8/8
  4726 | D:8      | Reached skill level 11 in Armour
  4775 | D:8      | Noticed a two-headed ogre
  4790 | D:8      | Killed a two-headed ogre
  5111 | D:8      | Noticed Joseph
  5132 | D:8      | Killed Joseph
  5274 | D:8      | Reached **** piety under Trog
  5274 | D:8      | Reached XP level 10. HP: 85/85 MP: 9/9
  5997 | D:9      | Reached skill level 10 in Maces & Flails
  6013 | D:9      | Noticed Pikel
  6026 | D:9      | Killed Pikel
  6026 | D:9      | Reached skill level 12 in Armour
  6143 | D:9      | Found a staircase to the Lair.
  6893 | D:10     | Entered Level 10 of the Dungeon
  7138 | D:10     | Killed an unseen horror
  7331 | D:10     | Found the +7 Singing Sword {slice, sonic wave}
  7670 | D:10     | Killed an unseen horror
  7670 | D:10     | Reached skill level 1 in Long Blades
  7688 | D:10     | Found Timaucw's Assorted Antiques.
  7917 | D:11     | Received a gift from Trog
  8104 | D:11     | Found a portal to a secret trove of treasure.
  8114 | D:11     | Reached ***** piety under Trog
  8243 | D:11     | Received a gift from Trog
  8267 | D:11     | Reached XP level 11. HP: 94/94 MP: 10/10
  8816 | D:11     | Noticed a white ugly thing
  8825 | D:11     | Killed a white ugly thing
  8988 | D:11     | Noticed Urug
  9001 | D:11     | Killed Urug
  9371 | D:12     | Noticed a rakshasa
  9915 | D:11     | Killed a rakshasa
  9915 | D:11     | Reached skill level 5 in Long Blades
 10192 | D:12     | Noticed an orc sorcerer
 10223 | D:12     | Killed an orc sorcerer
 10393 | D:12     | Found a staircase to the Orcish Mines.
 10569 | D:12     | Reached skill level 13 in Armour
 11024 | D:13     | Noticed Kirke
 11050 | D:13     | HP: 6/144 [hog[Kirke] (3)]
 11050 | D:13     | HP: 2/144 [Kirke (4)]
 11051 | D:13     | Slain by a hog

Skill      XL: |  1  2  3  4  5  6  7  8  9 10 11 |
---------------+----------------------------------+-----
Fighting       | 4 5 6 7 8 9 |  9.2
Axes           | 4 5 |  5.6
Armour         | 3 4 6 8 10 11 12 13 | 13.0
Maces & Flails | 1 2 4 6 9 11 | 11.3
Dodging        | 3 |  3.5
Throwing       | 1 2 |  2.3
Long Blades    | 3 8 |  8.9
Stealth        | |  0.1

Action                   |  1- 3 |  4- 6 |  7- 9 | 10-12 || total
-------------------------+-------+-------+-------+-------++-------
Melee: Hand axe          |    87 |       |       |       ||    87
       Headbutt          |    10 |     4 |    50 |    67 ||   131
       Whip              |    15 |    52 |   225 |    69 ||   361
       Flail             |       |       |       |   112 ||   112
       Double sword      |       |       |       |   166 ||   166
       Unarmed           |       |       |       |    10 ||    10
Throw: Stone             |     2 |       |       |       ||     2
       Javelin           |       |     4 |     4 |    12 ||    20
Invok: Berserk           |       |     1 |     2 |     3 ||     6
  Use: Scroll            |     2 |       |     1 |     2 ||     5
  Eat: Chunk             |     2 |     3 |    12 |    14 ||    31
       Ration            |       |       |       |     4 ||     4
Armor: Chain mail        |    58 |       |       |       ||    58
       Plate armour      |     6 |    40 |   105 |   221 ||   372
Dodge: Dodged            |    53 |    25 |    90 |   232 ||   400
       Rpst.: Double sword |       |       |       |    21 ||    21
